Map: Winter Madness LE

Players

HoldTheDoor - Winner!

  • Race: Protoss Protoss
  • League: Diamond
  • Spawn Location: 5:00

Magnetron

  • Race: Terran Terran
  • League: Diamond
  • Spawn Location: 11:00

VOD

Have the link to the VOD?

Description

Time

  • Played on: May 2, 2026, 12:20 p.m.
  • Length: 12:38
Show
View Real Time Build Order
Export as new Build Order

HoldTheDoor Protoss - Winner!

Build Orders: 1 Gate Expand 

Get SALT Encoding   

  12  0:00  Probe  
  13  0:12  Probe  
  14  0:20  Pylon  
  14  0:24  Probe  
  15  0:34  Probe  
  15  0:41  Gateway  
  15  0:42  Probe  
  17  0:52  Probe  
  18  1:04  Pylon  
  18  1:08  Assimilator  
  18  1:11  Probe  
  19  1:23  Probe  
  20  1:35  Nexus  
  20  1:37  Cybernetics Core  
  20  1:42  Pylon  
  20  1:45  Probe  
  21  1:55  Assimilator  
  21  1:59  Probe  
  22  2:04  Adept  
  22  2:11  Probe  
  25  2:16  Warp Gate  
  25  2:24  Probe  
  25  2:29  Shield Battery  
  26  2:36  Sentry  
  28  2:55  Robotics Facility  
  28  2:57  Pylon  
  28  2:58  Gateway  
  28  3:03  Probe x2  
  30  3:15  Probe  
  30  3:17  Probe  
  32  3:21  Shield Battery  
  32  3:24  Stalker  
  34  3:27  Probe  
  34  3:29  Probe  
  36  3:36  Pylon  
  36  3:39  Probe  
  37  3:42  Probe  
  38  3:51  Probe  
  38  3:54  Probe  
  40  3:59  Assimilator  
  40  4:01  Immortal  
  44  4:05  Stalker x2  
  48  4:10  Twilight Council  
  48  4:11  Probe  
  48  4:15  Probe  
  50  4:24  Probe  
  51  4:27  Probe  
  51  4:30  Gateway  
  52  4:33  Gateway  
  52  4:35  Pylon  
  52  4:36  Probe  
  52  4:37  Charge  
  53  4:39  Probe  
  53  4:41  Pylon  
  53  4:42  Sentry  
  53  4:45  Observer  
  57  4:51  Zealot  
  57  4:52  Probe  
  60  4:54  Probe  
  61  5:04  Probe  
  61  5:05  Assimilator  
  61  5:06  Probe  
  63  5:09  Immortal  
  67  5:16  Pylon, Probe  
  67  5:18  Probe  
  69  5:21  Forge  
  69  5:28  Probe  
  69  5:30  Probe  
  71  5:36  Robotics Bay  
  71  5:39  Zealot x2  
  71  5:40  Probe  
  71  5:41  Sentry  
  79  5:42  Probe  
  79  5:44  Zealot  
  79  5:47  Protoss Ground Weapons Level 1  
  81  5:52  Probe  
  81  5:53  Immortal  
  86  5:59  Pylon  
  86  6:20  Probe x2  
  86  6:23  Pylon  
  88  6:31  Zealot x3  
  94  6:37  Pylon  
  94  6:39  Pylon  
  94  6:40  Colossus  
  94  6:42  Probe x2  
  102  6:50  Nexus  
  102  6:54  Pylon  
  102  6:56  Probe  
  91  7:27  Nexus  
  91  7:29  Assimilator, Colossus  
  91  7:30  Pylon  
  91  7:32  Pylon  
  91  7:42  Extended Thermal Lance  
  97  7:50  Pylon  
  97  7:53  Gateway  
  97  7:55  Gateway  
  97  7:56  Gateway  
  97  7:57  Gateway  
  97  7:58  Gateway  
  97  7:59  Gateway  
  97  8:02  Gateway  
  97  8:03  Probe x2  
  99  8:06  Gateway  
  99  8:11  Pylon x2  
  99  8:12  Stalker x2  
  103  8:15  Probe  
  104  8:23  Protoss Ground Armor Level 1  
  104  8:25  Templar Archives  
  104  8:26  Pylon  
  104  8:31  Pylon  
  104  8:32  Colossus  
  110  8:38  Stargate  
  110  8:42  Probe  
  111  8:51  Probe  
  111  8:52  Probe  
  113  9:07  High Templar  
  113  9:08  High Templar x5  
  125  9:12  Zealot x5  
  125  9:13  Zealot, Psionic Storm  
  125  9:15  Archon  
  137  9:29  Phoenix  
  139  9:35  Probe  
  139  9:36  Probe  
  139  9:37  Probe  
  142  9:40  Assimilator  
  142  9:47  Shield Battery x2  
  142  9:48  Photon Cannon  
  142  9:50  Photon Cannon  
  142  9:52  Photon Cannon  
  142  9:53  Pylon  
  142  9:55  Pylon  
  142  9:57  Pylon, Probe  
  142  9:58  Shield Battery  
  143  10:00  Phoenix  
  143  10:05  Colossus  
  151  10:27  Zealot x9  
  169  10:30  High Templar x2  
  173  10:40  Archon  
  170  10:43  Zealot  
  149  10:58  Photon Cannon  
  149  11:00  Photon Cannon  
  149  11:02  Pylon, Stalker x4  
  151  11:05  Stalker  
  153  11:11  Warp Prism  
  152  11:24  Probe x3  
  157  11:32  Photon Cannon  
  157  11:38  Probe, Pylon  
  158  11:48  High Templar  
  158  11:50  High Templar x3  
  166  11:54  Archon x2  
Show
View Real Time Build Order
Export as new Build Order

Magnetron Terran 

Build Orders: Reaper Expand 

Get SALT Encoding   

  12  0:00  SCV  
  13  0:12  SCV  
  14  0:17  Supply Depot  
  14  0:24  SCV  
  15  0:39  SCV  
  15  0:40  Barracks  
  16  0:45  Refinery  
  16  0:51  SCV  
  17  1:03  SCV  
  18  1:17  SCV  
  19  1:30  Orbital Command  
  19  1:36  Reaper  
  20  1:47  Supply Depot  
  20  1:56  Command Center  
  20  1:59  SCV  
  21  2:12  Marine  
  22  2:16  Factory  
  22  2:17  SCV  
  23  2:29  SCV  
  24  2:31  Refinery  
  24  2:36  Barracks Reactor  
  23  2:51  SCV  
  24  3:03  SCV  
  24  3:04  Factory Tech Lab  
  25  3:07  Orbital Command  
  25  3:12  Marine  
  25  3:13  Marine  
  25  3:15  SCV  
  25  3:18  Barracks  
  25  3:19  Barracks  
  28  3:25  Siege Tank  
  31  3:27  SCV  
  32  3:35  SCV  
  32  3:40  SCV, Supply Depot  
  34  3:44  Supply Depot  
  34  3:47  SCV  
  35  3:49  Marine x2  
  35  3:52  SCV  
  38  3:59  SCV  
  38  4:01  Engineering Bay  
  38  4:02  Engineering Bay  
  39  4:05  SCV  
  39  4:07  Barracks Tech Lab  
  39  4:08  Barracks Tech Lab  
  40  4:13  Marine x2  
  40  4:15  SCV  
  43  4:18  Siege Tank  
  43  4:20  SCV  
  47  4:26  Marine x2  
  47  4:28  Missile Turret  
  49  4:32  Missile Turret  
  49  4:33  SCV x2, Marine  
  52  4:44  Terran Infantry Weapons Level 1  
  52  4:45  Terran Infantry Armor Level 1  
  52  4:47  Combat Shield  
  52  4:54  Marine x4  
  52  4:57  Stimpack  
  56  5:00  SCV  
  56  5:01  SCV  
  58  5:10  Command Center  
  58  5:13  Marine x2  
  60  5:16  SCV  
  61  5:31  SCV  
  62  5:36  Supply Depot  
  62  5:37  Supply Depot  
  62  5:40  Supply Depot  
  62  5:49  Supply Depot  
  62  5:57  Marine x3  
  62  5:58  SCV x2, Siege Tank  
  62  6:01  Marine  
  71  6:10  SCV x2  
  72  6:15  Marine x3  
  75  6:19  Marine  
  75  6:21  Barracks  
  75  6:22  SCV  
  75  6:24  Starport  
  77  6:26  Barracks  
  77  6:30  Siege Tank  
  80  6:33  Marine x3  
  80  6:37  Marine  
  80  6:39  SCV x2  
  57  6:40  Orbital Command  
  86  6:44  Armory  
  86  6:46  Refinery  
  86  6:47  Refinery  
  86  6:51  Marine x3, SCV  
  90  6:55  Marine  
  91  7:02  Siege Tank  
  88  7:08  Marine  
  78  7:20  Marine x3  
  78  7:22  Marine x2  
  77  7:24  Starport Reactor  
  77  7:26  Marine  
  75  7:34  Siege Tank  
  75  7:37  Marine  
  75  7:38  Marine x2  
  75  7:39  Marine  
  75  7:41  Marine  
  80  7:44  Marine  
  80  7:46  Bunker  
  81  7:53  SCV x2, Terran Infantry Weapons Level 2, Terran Infantry Armor Level 2  
  81  7:55  Marine x2  
  81  7:56  Marine  
  81  7:57  Marine  
  87  7:58  Marine  
  87  8:00  Ghost Academy  
  88  8:13  Orbital Command  
  88  8:36  SCV  
  88  8:37  SCV  
  88  8:39  SCV  
  91  8:44  Medivac x2  
  91  8:45  Marine x4  
  91  8:47  Personal Cloaking  
  101  8:48  SCV  
  101  8:51  SCV x2  
  103  8:56  Barracks Tech Lab  
  103  8:57  Command Center  
  103  8:59  Barracks Tech Lab, Concussive Shells  
  103  9:02  SCV  
  103  9:03  Marine x4, SCV  
  103  9:08  SCV  
  109  9:15  Barracks  
  109  9:17  Barracks  
  109  9:21  Barracks  
  109  9:27  Supply Depot  
  109  9:29  Supply Depot x2  
  109  9:38  Supply Depot x2  
  109  9:47  Terran Ship Weapons Level 1  
  109  9:49  Marine x5, SCV x3  
  109  9:50  Marine, Medivac x2  
  122  10:01  SCV x3  
  122  10:07  Marine x2  
  125  10:10  Marine  
  125  10:13  Marauder x2  
  125  10:14  Marauder  
  134  10:17  Barracks Tech Lab  
  134  10:18  Barracks Tech Lab  
  134  10:20  Medivac  
  136  10:24  Marine  
  136  10:25  Marauder, Barracks Reactor  
  136  10:27  SCV  
  136  10:28  Marine, Refinery x2  
  141  10:31  Command Center, Medivac  
  141  10:35  Marauder x3  
  149  10:42  Marine  
  149  10:46  Marine, Marauder  
  153  10:56  Marine, Marauder  
  145  11:17  SCV  
  145  11:18  SCV  
  138  11:19  Medivac x2  
  142  11:27  Marauder x5, Marine x5, Starport  
  142  11:28  Starport  
  142  11:29  SCV x2  
  142  11:32  Supply Depot  
  159  11:33  Supply Depot x3  
  159  11:34  Supply Depot  
  159  11:42  SCV  
  159  11:43  Command Center  
  159  11:45  Marine x4  
  159  11:46  Marauder  
  166  11:48  Marine x2, Marauder x2  
  166  11:49  Marauder, Medivac x2, SCV  
  179  11:56  Orbital Command  
  178  12:02  Marine  
  178  12:04  Command Center  
  178  12:06  Marauder  
Tags
 
Add a new tag
Caveats
  • Supply blocks, unpowered buildings, or Contaminate may cause inaccurate times.
  • Supply counts are checked every 10 seconds.